 Dungeon Crawl Stone Soup version 0.26.0-10-g1f06aea511 (webtiles) character file.

Game seed: 17387294967501792458

2898 Aviak the Fighter (level 10, 0/80 HPs)
             Began as a Formicid Conjurer on Jan 21, 2021.
             Was a Priest of Okawaru.
             Slain by a killer bee (8 damage)
             ... on level 8 of the Dungeon.
             The game lasted 00:13:42 (11141 turns).

Aviak the Fighter (Formicid Conjurer)              Turns: 11141, Time: 00:13:43

Health: 0/80       AC:  6    Str: 14    XL:     10   Next: 6%
Magic:  5/13       EV: 20    Int: 19    God:    Okawaru [***...]
Gold:   447        SH:  0    Dex: 15    Spells: 10/13 levels left

rFire    . . .     SeeInvis +   e - +1 battleaxe
rCold    . . .     Faith    .   (no shield)
rNeg     . . .     Spirit   .   p - +0 leather armour
rPois    .         Reflect  .   (helmet unavailable)
rElec    .         Harm     .   (no cloak)
rCorr    .         Rampage  .   y - +1 pair of gloves
Will     +....                  (no boots)
Stlth    +++.......             (no amulet)
HPRegen  0.23/turn              k - ring of wizardry
MPRegen  0.13/turn              l - +6 ring of dexterity

@: lethally poisoned (0 -> -1), heroism
A: permanent stasis, dig shafts and tunnels, four strong arms, antennae 3
a: Dig, Shaft Self, Renounce Religion, Heroism


You were on level 8 of the Dungeon.
You worshipped Okawaru.
Okawaru was most pleased with you.
You visited 2 branches of the dungeon, and saw 9 of its levels.

You collected 447 gold pieces.

Inventory:

Hand Weapons
 d - a +0 war axe
 e - a +1 battleaxe (weapon)
 w - a +0 trident
 B - a +0 vorpal spear
Armour
 b - a +0 scale mail
 j - a cursed +0 chain mail
 m - a +0 plate armour
 p - a +0 leather armour (worn)
 y - a +1 pair of gloves (worn)
Jewellery
 f - an uncursed ring of flight
 k - a ring of wizardry (left hand)
 l - a +6 ring of dexterity (right hand)
 H - an uncursed amulet of guardian spirit
Wands
 h - a wand of disintegration (5)
Scrolls
 g - 4 scrolls of amnesia
 n - a scroll of enchant armour
 r - 3 scrolls of remove curse
 u - a scroll of magic mapping {unknown}
 v - 3 scrolls of enchant weapon
 z - 2 scrolls of random uselessness {unknown}
 A - a scroll of fog {unknown}
 D - a scroll of immolation
 I - a scroll of holy word
Potions
 a - 3 potions of brilliance {unknown}
 c - 2 potions of curing
 o - 2 potions of attraction {unknown}
 q - 6 potions of heal wounds {unknown}
 s - 3 potions of degeneration {unknown}
 t - a potion of magic {unknown}
 C - 2 potions of invisibility {unknown}
 E - a potion of ambrosia {unknown}
 F - a potion of cancellation {unknown}
 G - a potion of flight {unknown}


   Skills:
 + Level 8.2(13.2) Fighting
 + Level 6.4(11.4) Axes
 + Level 2.1(7.1) Armour
 - Level 7.0(12.0) Dodging
 - Level 2.4(7.4) Stealth
 - Level 2.1 Spellcasting
 - Level 4.5 Conjurations
 + Level 2.2 Invocations


You had 10 spell levels left.
You knew the following spells:

 Your Spells              Type           Power        Failure   Level
a - Magic Dart            Conj           76%          1%          1
b - Searing Ray           Conj           38%          1%          2

Your spell library contained the following spells:

 Spells                   Type           Power        Failure   Level
 Summon Small Mammal      Summ           8%           9%          1
 Dazzling Flash           Conj/Hex       20%          10%         3
 Call Imp                 Summ           2%           12%         2
 Call Canine Familiar     Summ           2%           24%         3
 Summon Guardian Golem    Hex/Summ       2%           24%         3
 Fulminant Prism          Conj/Hex       5%           30%         4
 Iskenderun's Mystic Bla  Conj/Tloc      10%          30%         4
 Summon Ice Beast         Ice/Summ       2%           58%         4
 Summon Lightning Spire   Summ/Air       2%           58%         4


Dungeon Overview and Level Annotations

Branches:
Dungeon (8/15)             Temple (1/1) D:5
   Lair: D:8-11

Altars:
Ashenzari
Cheibriados
Dithmenos
Elyvilon
Fedhas
Gozag
Hepliaklqana
Kikubaaqudgha
Makhleb
Nemelex Xobeh
Okawaru
Ru
Trog
Uskayaw
Vehumet
Wu Jian
Xom
Yredelemnul
Zin
The Shining One


Innate Abilities, Weirdness & Mutations

You cannot be hasted, slowed, berserked, paralysed or teleported.
You can dig through walls and to a lower floor.
Your four strong arms can wield two-handed weapons with a shield.
You have a pair of large antennae on your head. (SInv)


Message History

Unknown command.
You feel sick. The killer bee closely misses you.
The bullfrog barely misses you. The killer bee misses you.
You feel sick.
You hit the killer bee.
The killer bee is almost dead.
You hit the killer bee. The killer bee completely misses you.
The killer bee stings you.
* * * LOW HITPOINT WARNING * * *
The killer bee stings you but does no damage.
The killer bee misses you.
Unknown command.
Unknown command.
Unknown command.
You barely miss the killer bee.
The killer bee is almost dead.
You hit the killer bee but do no damage.
You hit the bullfrog.
You feel sick. The killer bee completely misses you. The killer bee stings you!
You die...

... ..+ { ... .#.+ {
... ...+ #### ...
###.####..## ... #
.'........# ...
#[#'.#......#########
...
#†/'..........†.....#
.(.
####y#......###.###.#
... #@y......# #.#
#.#
#.F.###..###+###..
##### #....+_###..
#..###+###.# #..# #.#
#.# ###..###.###.#
##............#
##.............#
#..............#


You could see a bullfrog and 2 killer bees.

Vanquished Creatures
  A water moccasin (D:7)
  3 ice beasts
  2 sky beasts
  2 necrophages
  3 black bears
  An ogre (D:6)
  A centaur (D:7)
  Blork the orc (D:6)
  3 bullfrogs
  A gnoll sergeant (D:6)
  A wyvern skeleton (D:8)
  2 scorpions
  A water moccasin zombie (D:8)
  5 killer bees
  A howler monkey (D:7)
  2 bullfrog zombies (D:6)
  3 hounds
  An orc priest (D:7)
  A jelly (D:7)
  A gnoll shaman (D:5)
  2 worker ants
  Jessica (D:3)
  2 centaur skeletons
  3 iguanas
  Natasha (D:2)
  2 orc wizards (D:8)
  2 hound skeletons
  A howler monkey skeleton (D:5)
  14 gnolls
  4 adders
  A shadow imp (D:6)
  3 white imps
  4 ufetubi
  3 oozes
  An adder zombie (D:8)
  2 worms
  2 dart slugs (D:1)
  4 leopard geckos
  18 orcs
  2 giant cockroaches
  9 goblins
  12 hobgoblins
  11 jackals
  6 kobolds
  10 quokkas
  6 ball pythons
  8 bats
  3 frilled lizards
  A leopard gecko skeleton (D:7)
  A quokka skeleton (D:4)
  12 rats
187 creatures vanquished.

Vanquished Creatures (others)
  33 plants (D:4)
33 creatures vanquished.

Grand Total: 220 creatures vanquished

Notes
Turn   | Place    | Note
-------+----------+-------------------------------------------
     0 | D:1      | Aviak the Formicid Conjurer began the quest for the Orb.
     0 | D:1      | Reached XP level 1. HP: 13/13 MP: 3/3
   417 | D:1      | Reached skill level 1 in Fighting
   417 | D:1      | Reached XP level 2. HP: 3/21 MP: 0/5
  1144 | D:1      | Reached XP level 3. HP: 24/27 MP: 0/6
  1200 | D:1      | Learned a level 2 spell: Searing Ray
  1263 | D:1      | Reached skill level 2 in Fighting
  1743 | D:1      | Reached XP level 4. HP: 32/34 MP: 4/7
  2890 | D:3      | Noticed Natasha
  2898 | D:2      | Killed Natasha
  2998 | D:3      | Reached XP level 5. HP: 31/40 MP: 8/8
  3085 | D:3      | Reached skill level 3 in Fighting
  3436 | D:3      | Found a burning altar of Makhleb.
  3471 | D:3      | Noticed Jessica
  3475 | D:3      | Killed Jessica
  3797 | D:3      | Found a hide-covered altar of Uskayaw.
  3865 | D:3      | Reached XP level 6. HP: 43/47 MP: 6/9
  3929 | D:3      | Found a faded altar of an unknown god.
  4103 | D:3      | Found a sacrificial altar of Ru.
  4421 | D:3      | Found a broken altar of Ashenzari.
  4778 | D:4      | Found a sparkling altar of Nemelex Xobeh.
  4778 | D:4      | You fall into a shaft and drop 1 floor!
  4778 | D:5      | Entered Level 5 of the Dungeon
  4798 | D:5      | Found a staircase to the Ecumenical Temple.
  4809 | Temple   | Entered the Ecumenical Temple
  5252 | D:4      | Reached skill level 4 in Fighting
  5605 | D:4      | Reached skill level 1 in Axes
  5605 | D:4      | Reached XP level 7. HP: 34/54 MP: 4/10
  6186 | D:4      | Found an iron altar of Okawaru.
  6249 | D:4      | Became a worshipper of Warmaster Okawaru
  7274 | D:6      | Reached skill level 5 in Fighting
  7279 | D:6      | Reached XP level 8. HP: 52/62 MP: 1/11
  7435 | D:6      | Found a shimmering altar of Xom.
  7557 | D:6      | Reached skill level 5 in Dodging
  7801 | D:6      | Reached * piety under Okawaru
  7955 | D:6      | Reached skill level 6 in Fighting
  8151 | D:6      | Noticed Blork the orc
  8161 | D:6      | Killed Blork the orc
  9023 | D:7      | Reached XP level 9. HP: 60/71 MP: 3/12
  9193 | D:7      | Reached skill level 5 in Axes
  9275 | D:7      | Reached ** piety under Okawaru
  9276 | D:7      | Reached skill level 7 in Fighting
 10723 | D:8      | Reached skill level 8 in Fighting
 10723 | D:8      | Reached skill level 1 in Armour
 10723 | D:8      | Reached skill level 1 in Invocations
 10812 | D:8      | Found a radiant altar of Vehumet.
 10910 | D:8      | Found a bloodstained altar of Trog.
 10923 | D:8      | Reached *** piety under Okawaru
 10924 | D:8      | Reached XP level 10. HP: 68/80 MP: 13/13
 11141 | D:8      | Slain by a killer bee

Illustrated notes

Levels and vault maps discovered:
D:1:      scummos_arrival_simple_fountains, layout_loops_cross, minmay_ruptured
D:2:      minmay_evil_eye, layout_basic
D:3:      layout_loops_corners, lemuel_round_altar, lemuel_round_altar,
          lemuel_crystal_altar, nicolae_ru_path_of_blood,
          chequers_ecumenical_altar_simple_redux, uniq_jessica, uniq_natasha
D:4:      wad_woods_tower, layout_basic, nemelex_xobeh_ov_fountains_minmay,
          marbit_many_paths
D:5:      layout_basic, minmay_temple_entry_mini_moons
D:6:      layout_basic, lemuel_crystal_altar, minmay_holes, uniq_blork_the_orc
D:7:      kennysheep_spiral_hall, layout_loops_ring, dk_vineyard_3
D:8:      layout_cave_pods, general_overflow_altar, kennysheep_mini_moat,
          lemuel_doored_altar, eino_jars, uniq_erica
Temple:   minmay_freezing_vapour_temple

Skill      XL: |  1  2  3  4  5  6  7  8  9 10 |
---------------+-------------------------------+-----
Dodging        | 2 3 4 5 7 |  7.0
Fighting       | 1 2 3 4 5 6 8 |  8.2
Conjurations   | 4 |  4.5
Axes           | 1 2 4 6 |  6.4
Armour         | 1 2 |  2.1
Invocations    | 1 2 |  2.2
Stealth        | |  2.4
Spellcasting   | |  2.1

Action                   |  1- 3 |  4- 6 |  7- 9 | 10-12 || total
-------------------------+-------+-------+-------+-------++-------
Melee: Unarmed           |     5 |       |       |       ||     5
       Spear             |    71 |    90 |    17 |       ||   178
       Club              |    10 |       |       |       ||    10
       Battleaxe         |       |    18 |    72 |     9 ||    99
       Trident           |       |    14 |    35 |       ||    49
 Cast: Magic Dart        |    38 |     2 |     2 |       ||    42
       Searing Ray       |     2 |    30 |    46 |     3 ||    81
Invok: Heroism           |       |       |     2 |     1 ||     3
  Use: Scroll            |       |       |     8 |     2 ||    10
       Potion            |       |       |     3 |     1 ||     4
 Stab: Sleeping          |     3 |     4 |     2 |       ||     9
       Distracted        |       |     1 |       |       ||     1
Armor: Robe              |    32 |     2 |       |       ||    34
       Leather armour    |       |    17 |    65 |    10 ||    92
Dodge: Dodged            |    69 |    91 |   226 |    43 ||   429
